[Event "*** Titled Tuesday 3|2 Blitz"]
[Site "Chess.com"]
[Date "2016.09.06"]
[Round "6"]
[White "Drags95"]
[Black "Saitama_Hero"]
[Result "0-1"]
[WhiteElo "2355"]
[BlackElo "2267"]
[TimeControl "180+2"]
[EndTime "12:15:27 PDT"]
[Termination "Saitama_Hero won by resignation"]

1. e4 c5 2. Nf3 Nc6 3. d4 cxd4 4. Nxd4 Nf6 5. Nb3 Nxe4 6. Bd3 Nf6 7. O-O e6 8. c4 Be7 9. Nc3 b6 10. Bg5 Bb7 11. Qd2 Rc8 12. Rad1 O-O 13. Rfe1 a6 14. Bb1 Nb8 15. Qd3 g6 16. Bh4 d6 17. f4 Nbd7 18. Nd4 Re8 19. b3 d5 20. f5 e5 21. fxg6 hxg6 22. Ne6 dxc4 23. bxc4 Nc5 24. Qh3 Nxe6 25. Rxd8 Rexd8 26. Bxg6 Nf4 27.
Bxf7+ Kxf7 28. Qf5 Bc5+ 29. Bf2 Bxf2+ 30. Kxf2 Nd3+ 31.
Kf1 Nxe1 32. Kxe1 Rxc4 33. Ne2 Re4 34. g4 Bc8 35. Qf2 Bxg4 0-1

[Event "*** Titled Tuesday 3|2 Blitz"]
[Site "Chess.com"]
[Date "2016.09.06"]
[Round "6"]
[White "chorejason"]
[Black "Colombiano07"]
[Result "1-0"]
[WhiteElo "2043"]
[BlackElo "2196"]
[TimeControl "180+2"]
[EndTime "12:15:31 PDT"]
[Termination "chorejason won by checkmate"]

1. e4 c5 2. Nf3 Nc6 3. d4 cxd4 4. Nxd4 e5 5. Nb5 d6 6. N1c3 a6 7. Na3 Be6 8. Nc4 Nf6 9. Be3 Be7 10. Bb6 Qd7 11.
Bd3 O-O 12. O-O d5 13. exd5 Nxd5 14. Nxd5 Qxd5 15. Ne3 Qd7 16. Qh5 f5 17. Rad1 Qe8 18. Qh3 Qf7 19. g4 e4 20. gxf5 exd3 21. fxe6 Qg6+ 22.
Kh1 dxc2 23. Rd7 Rae8 24. Nd5 Bg5 25. f4 Bxf4 26. Nxf4 Rxf4 27. Be3 Qe4+ 28. Kg1 Rxf1+ 29. Kxf1 Qh1+ 30. Ke2 c1=Q 31. Rxg7+ Kxg7 32. Qh6+ Kg8 33. Qg5+ Kf8 34. Qf6+ Kg8 35. Qf7+ Kh8 36. Qxe8+ Kg7 37. Qf7+ Kh8 38. Qf8# 1-0

[Event "*** Titled Tuesday 3|2 Blitz"]
[Site "Chess.com"]
[Date "2016.09.06"]
[Round "6"]
[White "Krutoy123"]
[Black "Anton_Demchenko"]
[Result "1-0"]
[WhiteElo "2445"]
[BlackElo "2595"]
[TimeControl "180+2"]
[EndTime "12:15:35 PDT"]
[Termination "Krutoy123 won by resignation"]

1. e4 e5 2. Nf3 Nc6 3. Bc4 Bc5 4.
O-O Nf6 5. d3 d6 6. c3 Bb6 7. a4 a6 8. Nbd2 O-O 9. Bb3 Ba7 10.
Nc4 Ne7 11. Re1 Ng6 12. d4 Qe7 13. Ne3 c6 14. Nf5 Qd8 15. Bg5 h6 16. dxe5 hxg5 17. exf6 Qxf6 18. Qxd6 Bxf5 19. Qxf6 gxf6 20. exf5 Nf4 21.
Rad1 Rad8 22. Bc2 a5 23. Nd2 Kg7 24. Ne4 Rd5 25. g3 Nh3+ 26. Kg2 Rh8 27. f3 Rxf5 28. Nd6 Rd5 29. Nf5+ Kf8 30. Rxd5 cxd5 31. Re7 g4 32. fxg4 Nf2 33. Rxb7 Nxg4 34. Rxa7 Rxh2+ 35. Kg1 Ke8 36.
Nd6+ Kd8 37. Bf5 1-0

[Event "*** Titled Tuesday 3|2 Blitz"]
[Site "Chess.com"]
[Date "2016.09.06"]
[Round "6"]
[White "pKiLz5Rn9b"]
[Black "Abdodi"]
[Result "1/2-1/2"]
[WhiteElo "2448"]
[BlackElo "1982"]
[TimeControl "180+2"]
[EndTime "12:15:47 PDT"]
[Termination "Game drawn - insufficient material"]

1. e4 c6 2. Ne2 d5 3. e5 c5 4. d4 Nc6 5. c3 Bg4 6. f3 Bf5 7. Be3 cxd4 8. Nxd4 Nxd4 9. Bxd4 Bd7 10. Qb3 Bc6 11. Nd2 e6 12. f4 Ne7 13. Nf3 Nf5 14. Bd3 Nxd4 15. Nxd4 Bc5 16. Ke2 O-O 17. Rae1 Qb6 18. Qxb6 Bxb6 19. Kd2 Bxd4 20. cxd4 a6 21. Rc1 Bb5 22. Rc7 Bc6 23. Rc1 Rfc8 24. Rxc8+ Rxc8 25. f5 h6 26. g4 Kf8 27. h4 Ke7 28. Rf1 Bb5 29. f6+ gxf6 30. exf6+ Kd6 31. Bxb5 axb5 32. Kd3 Rg8 33. Rg1 e5 34. g5 hxg5 35. hxg5 Rg6 36. Ke3 Ke6 37. dxe5 Kxe5 38. Rc1 Rxg5 39.
Rc7 d4+ 40. Kf2 Kxf6 41. Rxb7 Rd5 42. Ke2 d3+ 43. Kd2 Ke6 44. b3 f5 45. Rb8 Ke5 46.
a4 bxa4 47. bxa4 Ra5 48. Rb5+ Rxb5 49. axb5 Kd5 50. Kxd3 Kc5 51. Ke3 Kxb5 52. Kf4 Kc5 53. Kxf5 1/2-1/2

[Event "*** Titled Tuesday 3|2 Blitz"]
[Site "Chess.com"]
[Date "2016.09.06"]
[Round "6"]
[White "Andrejkin"]
[Black "geordie_derraugh"]
[Result "1/2-1/2"]
[WhiteElo "2202"]
[BlackElo "2168"]
[TimeControl "180+2"]
[EndTime "12:15:57 PDT"]
[Termination "Game drawn by repetition"]

1. d4 Nf6 2. c4 g6 3. Nf3 Bg7 4. Nc3 d5 5. Qb3 dxc4 6. Qxc4 O-O 7. e4 Nc6 8. Be2 Bg4 9. Be3 e6 10. h3 Bxf3 11. gxf3 Nd7 12. O-O-O Nb6 13. Qd3 Qh4 14. f4 Rad8 15. e5 Rd7 16. Bf3 Nb4 17. Qb5 N4d5 18. Nxd5 exd5 19. Bg4 Rdd8 20. Kb1 Nc4 21. Qb3 b5 22.
Qd3 Qe7 23. f5 Qb4 24. Bc1 c5 25. a3 Qa5 26. f6 Bh8 27. h4 cxd4 28. Qxd4 Rfe8 29.
f4 b4 30. axb4 Qxb4 31. Qc3 Qb5 32. h5 Rc8 33. hxg6 hxg6 34. Qh3 Na3+ 35. Ka2 Qc4+ 36.
Kxa3 Qa6+ 37. Kb3 Qc4+ 38. Ka3 Qa6+ 39. Kb3 Qc4+ 40. Ka3 Qa6+ 41. Kb3 Qc4+ 42. Ka3 Qa6+ 43. Kb3 1/2-1/2

[Event "*** Titled Tuesday 3|2 Blitz"]
[Site "Chess.com"]
[Date "2016.09.06"]
[Round "6"]
[White "nonscitis"]
[Black "LuckyTiger"]
[Result "1-0"]
[WhiteElo "2357"]
[BlackElo "2519"]
[TimeControl "180+2"]
[EndTime "12:16:05 PDT"]
[Termination "nonscitis won by checkmate"]

1. e4 e6 2. d4 d5 3. Nd2 Nc6 4. Ngf3 Nf6 5. e5 Nd7 6. c3 f6 7. exf6 Nxf6 8. Bd3 Bd6 9. Nf1 O-O 10.
Ng3 e5 11. dxe5 Nxe5 12. Nxe5 Bxe5 13. O-O c6 14. Bg5 h6 15. Be3 Ng4 16. Bd4 Qg5 17.
Bxe5 Nxe5 18. Be2 Bd7 19. Qc1 Rf4 20. Nh5 Ng6 21. Nxf4 Nxf4 22. Bf3 Rf8 23. Kh1 Bg4 24. Rg1 Bxf3 25. gxf3 Qh5 26. Qe3 Kh7 27. Rg3 g5 28. Re1 Rf7 29. Qe8 Qg6 30. Re7 Rxe7 31. Qxe7+ Kg8 32.
Rg1 Qd3 33. Qe3 Qf5 34. Re1 Qh3 35. Qe8+ Kg7 36. Re7+ Kf6 37. Qf7# 1-0

[Event "*** Titled Tuesday 3|2 Blitz"]
[Site "Chess.com"]
[Date "2016.09.06"]
[Round "6"]
[White "popov_m"]
[Black "saraswathii"]
[Result "0-1"]
[WhiteElo "2142"]
[BlackElo "2120"]
[TimeControl "180+2"]
[EndTime "12:16:37 PDT"]
[Termination "saraswathii won by checkmate"]

1. Nf3 Nc6 2. c4 e5 3. Nc3 Nge7 4. g3 Ng6 5. Bg2 Bc5 6. h4 h6 7. h5 Nge7 8. Nxe5 Nxe5 9. d4 Bd6 10. c5 Bxc5 11.
dxc5 O-O 12. Bf4 N7c6 13. O-O Re8 14. Nd5 d6 15. cxd6 cxd6 16. Nc3 Bg4 17. Nb5 Re6 18.
Nd4 Nxd4 19. Qxd4 Bxh5 20. Rfe1 Qe7 21. Rac1 Re8 22. Qxa7 Nd3 23. e4 Nxe1 24. Rxe1 f5 25. Qa5 Bg6 26. e5 dxe5 27. Bd5 e4 28. Rc1 Bf7 29.
Rc7 Qf6 30. Bxe6 Qxe6 31. Qc3 Qxa2 32. Rxb7 Qb1+ 33. Kh2 Rd8 34. Qc7 Rf8 35. Qe5 Qc2 36. Be3 Qc6 37. Bd4 Qg6 38. b4 Re8 39. Qc7 Qh5+ 40. Kg2 Qf3+ 41. Kh2 Qh5+ 42. Kg2 e3 43. Bxe3 Bd5+ 44. f3 Qxf3+ 45. Kh3 Qh5# 0-1

[Event "*** Titled Tuesday 3|2 Blitz"]
[Site "Chess.com"]
[Date "2016.09.06"]
[Round "6"]
[White "OparinGrigoriy"]
[Black "tigra"]
[Result "1-0"]
[WhiteElo "2595"]
[BlackElo "2446"]
[TimeControl "180+2"]
[EndTime "12:16:38 PDT"]
[Termination "OparinGrigoriy won by resignation"]

1. e4 c5 2. Nf3 g6 3. d4 cxd4 4. Nxd4 Nc6 5. c4 d6 6. Nc3 Bg7 7. Nc2 Bxc3+ 8. bxc3 Nf6 9. f3 Qa5 10. Qd2 b6 11. Be2 Ba6 12. Nb4 Bb7 13. Nd5 Nxd5 14.
cxd5 Ne5 15. f4 Nd7 16. c4 Qxd2+ 17. Kxd2 O-O-O 18. Bb2 Rhe8 19. h4 e6 20. Bf3 exd5 21.
cxd5 f5 22. exf5 gxf5 23. Rhe1 Kc7 24. Rac1+ Nc5 25. Bf6 Rc8 26. h5 Kd7 27. g4 Ne4+ 28.
Bxe4 Rxe4 29. Rxe4 fxe4 30. Rxc8 Kxc8 31. Ke3 Bxd5 32.
a3 Kd7 33. f5 a5 34. g5 b5 35. g6 Bg8 36. Kxe4 b4 37. axb4 axb4 38. Kf4 h6 39.
Bb2 Bc4 40. f6 Ke6 41. f7 Ke7 42. Ke4 Be6 43. Bg7 Bxf7 44. gxf7 Kxf7 45. Bxh6 d5+ 46.
Kd3 Kf6 47. Bd2 Kf5 48. h6 Kg6 49. Kc2 1-0

[Event "*** Titled Tuesday 3|2 Blitz"]
[Site "Chess.com"]
[Date "2016.09.06"]
[Round "6"]
[White "DanielNaroditsky"]
[Black "lionheart95"]
[Result "0-1"]
[WhiteElo "2745"]
[BlackElo "2481"]
[TimeControl "180+2"]
[EndTime "12:16:43 PDT"]
[Termination "lionheart95 won by resignation"]

1. d4 e6 2. c4 Nf6 3. Nc3 Bb4 4. f3 d5 5. a3 Bxc3+ 6. bxc3 O-O 7. cxd5 exd5 8. e3 Bf5 9. Ne2 Nbd7 10. g4 Bg6 11. Nf4 Re8 12. Kf2 c5 13. h4 h6 14. Bh3 cxd4 15. cxd4 Nb6 16. Nxg6 fxg6 17.
Qd3 Qd6 18. Ra2 Nh7 19. Re2 Rad8 20. Kg2 g5 21. h5 Nf6 22. Bd2 Nc4 23. Bb4 Qe6 24.
Rhe1 a5 25. Bc3 Rf8 26. a4 Qc6 27. Kg1 Qxa4 28. e4 dxe4 29. fxe4 b5 30. d5 Nd7 31. e5 Nc5 32. Qg6 Qa3 33. Rc2 Na4 34. e6 Nxc3 35. e7 Nxd5 36. Qe6+ Kh8 37. exd8=Q Rxd8 38. Bg2 Nf6 39. Rf2 Qc5 40. Bf3 a4 41. Kg2 a3 42.
Rfe2 Nd2 43. Bb7 b4 44. Qf7 Qb5 45. Re7 Rg8 46. Qg6 b3 47. Bf3 Nxf3 48. Kxf3 a2 49. Rf7 Qd5+ 50. Kg3 b2 51. Rxf6 a1=Q 52. Qxh6+ gxh6 53.
Rxh6+ Kg7 54. Rg6+ Kf7 0-1

[Event "*** Titled Tuesday 3|2 Blitz"]
[Site "Chess.com"]
[Date "2016.09.06"]
[Round "6"]
[White "Zhani-Z"]
[Black "Kawhi_Leonard2"]
[Result "1-0"]
[WhiteElo "2281"]
[BlackElo "2013"]
[TimeControl "180+2"]
[EndTime "12:16:44 PDT"]
[Termination "Zhani-Z won on time"]

1. e4 c5 2. Nf3 d6 3. d4 cxd4 4. Nxd4 Nf6 5. Nc3 g6 6. Be2 Bg7 7. O-O O-O 8. Re1 Nc6 9. Nb3 a6 10. Bf1 b5 11. Bg5 Bb7 12. Nd5 e6 13. Nxf6+ Bxf6 14. Bxf6 Qxf6 15. c3 Rfd8 16. Qd2 Rac8 17. a4 d5 18. Nc5 dxe4 19. Qe3 Rc7 20. axb5 axb5 21. Nxb7 Rxb7 22. Qxe4 Rb6 23. Red1 Rxd1 24. Rxd1 b4 25. Bb5 Rxb5 26. Qxc6 Qe5 27. h3 bxc3 28. Qxc3 Qxc3 29. bxc3 Rc5 30. Rc1 Kg7 31. Kf1 Kf6 32. Ke2 Ke5 33. Kd3 Kd5 34. c4+ Kc6 35. Kd4 h5 36.
Ra1 Rf5 37. Ra6+ Kb7 38. Ra2 Kc6 39. f3 h4 40. Ke4 Rg5 41. f4 Rg3 42. Ke5 Kc5 43.
Kf6 Kxc4 44. Kxf7 Kd5 45. Re2 g5 46. Re5+ Kd4 47. Rxg5 1-0

[Event "*** Titled Tuesday 3|2 Blitz"]
[Site "Chess.com"]
[Date "2016.09.06"]
[Round "6"]
[White "Tesla37"]
[Black "Sanan_Sjugirov"]
[Result "1/2-1/2"]
[WhiteElo "2605"]
[BlackElo "2704"]
[TimeControl "180+2"]
[EndTime "12:16:51 PDT"]
[Termination "Game drawn by repetition"]

1. Nf3 d5 2. g3 Bg4 3. Bg2 Nd7 4. O-O Ngf6 5. c4 e6 6. cxd5 exd5 7. d3 c6 8. Nc3 Bc5 9. Qb3 Bb6 10. Na4 O-O 11.
Nxb6 axb6 12. h3 Bh5 13. Qc2 Re8 14. b3 Qe7 15. e3 Bg6 16. Nh4 Qc5 17. Qd2 Qa5 18.
b4 Qb5 19. Nxg6 hxg6 20. Bb2 c5 21. a3 Ne5 22. Rfd1 Rad8 23. Bxe5 Rxe5 24. d4 Re7 25. bxc5 bxc5 26. Rab1 Qc6 27. dxc5 Qxc5 28. Qb4 Qxb4 29. Rxb4 Rc7 30. e4 Rcd7 31. exd5 Ne8 32. h4 Nd6 33.
Rc1 Re7 34. Bf3 Re5 35. Kg2 g5 36. hxg5 Rxg5 37. Rc7 Re5 38. a4 g6 39. Rb6 Re1 40.
Rb4 Ra1 41. g4 Kg7 42. g5 Ra3 43. Rf4 Rd3 44. Re7 Rd2 45. Rc7 Rd3 46. Kf1 Rd2 47. a5 Ra2 48. Rc5 Ra8 49. Rf6 Rd8 50. Kg2 Ra4 51. Kg3 Nf5+ 52. Kg2 Nd6 53. Kg3 Nf5+ 54. Kg2 Nd6 55. Kg3 Nf5+ 56. Kg2 Nd6 1/2-1/2

[Event "*** Titled Tuesday 3|2 Blitz"]
[Site "Chess.com"]
[Date "2016.09.06"]
[Round "6"]
[White "Pudor"]
[Black "biostatistician"]
[Result "1-0"]
[WhiteElo "2382"]
[BlackElo "2365"]
[TimeControl "180+2"]
[EndTime "12:17:13 PDT"]
[Termination "Pudor won by resignation"]

1. d4 Nf6 2. c4 g6 3. Nc3 Bg7 4. e4 d6 5. Nf3 O-O 6. Be2 e5 7. O-O Nc6 8. d5 Ne7 9. Ne1 Nd7 10. Nd3 f5 11. Bd2 Nf6 12. f3 f4 13.
g4 h5 14. h3 Nh7 15. Be1 Bf6 16. Kg2 Kg7 17. Bf2 Ng8 18. Qe1 Nh6 19. Rc1 Rh8 20.
c5 Ng5 21. Rh1 hxg4 22. hxg4 Bd7 23. Qd1 Qe7 24. a4 Qf7 25. cxd6 cxd6 26. Nb5 Bxb5 27. axb5 Nxg4 28. fxg4 Nxe4 29. Rxh8 Rxh8 30. b6 Nxf2 31.
Nxf2 axb6 32. Bf3 Bh4 33. Ne4 Bg3 34. Qg1 Qe7 35. Qxb6 Rh2+ 36. Kg1 Qh4 37. Qxb7+ Kh6 38. g5+ Qxg5 39. Nxg5 Kxg5 40. Qe7+ Kf5 41. Qf7+ Kg5 42. Be4 Rh6 43. Qe7+ Kg4 44. Qe6+ Kg5 45. Qe7+ Kg4 46. b4 f3 47. Bxf3+ Kxf3 48. Rf1+ Ke4 49. b5 Bf4 50. b6 Be3+ 51. Kg2 Bxb6 52. Qe6 Be3 53. Re1 Rh4 54. Qxg6+ Kd4 55. Rd1+ Kc5 56. Qe8 Rc4 57. Qc6+ Kb4 58. Qxd6+ Bc5 59. Qb8+ Kc3 60. d6 Rb4 61. Qxb4+ Bxb4 62. d7 Be7 63. d8=Q Bxd8 64. Rxd8 1-0

[Event "*** Titled Tuesday 3|2 Blitz"]
[Site "Chess.com"]
[Date "2016.09.06"]
[Round "6"]
[White "DeviatkinAndrey"]
[Black "maciek_92"]
[Result "1-0"]
[WhiteElo "2627"]
[BlackElo "2530"]
[TimeControl "180+2"]
[EndTime "12:17:15 PDT"]
[Termination "DeviatkinAndrey won by resignation"]

1. e4 c5 2. c3 Nf6 3. e5 Nd5 4. g3 d6 5. exd6 e6 6. Bg2 Bxd6 7. Ne2 Nc6 8. d4 O-O 9. O-O Nf6 10. Bg5 h6 11. Bxf6 Qxf6 12. Nd2 cxd4 13. Ne4 Qe7 14. Nxd4 Be5 15. Nxc6 bxc6 16. Re1 Rb8 17. Qc2 c5 18. Rad1 Bb7 19. Nd2 Bxg2 20. Kxg2 Bf6 21. Nc4 Rfd8 22.
b3 g6 23. f3 h5 24. Re3 Qc7 25. Red3 Rxd3 26. Rxd3 Rd8 27. Qd2 Rxd3 28. Qxd3 Qc6 29. Nd6 Qd5 30. Qxd5 exd5 31. Nb5 Be5 32. f4 Bb8 33. Kf3 f5 34. Ke3 Kf7 35. c4 a6 36.
Na3 d4+ 37. Kf3 Bc7 38. Nc2 Ba5 39. Ke2 Ke6 40. Kd3 Bc3 41. a3 a5 42. Ne3 Bb2 43.
Nc2 Kd6 44. a4 Bc3 45. Ne3 Be1 46. Ng2 Bf2 47. Nh4 Bg1 48. Ke2 Bxh2 49. Kf2 Ke6 50. Nf3 h4 51. Nxh2 hxg3+ 52. Kxg3 Kf6 53. Nf3 d3 54.
Kf2 d2 55. Ke2 Ke6 56. Kxd2 Kf6 57. Ke3 Ke6 58. Ng5+ Kf6 59. Kf3 Kg7 60. Kg3 Kf6 61. Kh4 1-0

[Event "*** Titled Tuesday 3|2 Blitz"]
[Site "Chess.com"]
[Date "2016.09.06"]
[Round "6"]
[White "ilya261991"]
[Black "Alexander_Moskalenko"]
[Result "1/2-1/2"]
[WhiteElo "2491"]
[BlackElo "2641"]
[TimeControl "180+2"]
[EndTime "12:17:24 PDT"]
[Termination "Game drawn by agreement"]

1. d4 d5 2. c4 e6 3. Nc3 a6 4. e4 dxc4 5. Bxc4 b5 6. Bb3 c5 7. Nf3 cxd4 8. Qxd4 Qxd4 9. Nxd4 Bb7 10. f3 Nf6 11. Be3 Nbd7 12. Kf2 Rc8 13. Rhd1 Bc5 14.
Rac1 Ke7 15. Nc2 Bxe3+ 16. Nxe3 Ne5 17. h3 g5 18. Ne2 h5 19. Rxc8 Rxc8 20. Nd4 h4 21. a3 Ne8 22. Ng4 Ng6 23. Ne2 Nd6 24. Rd2 a5 25. Rc2 a4 26. Rxc8 Bxc8 27. Ba2 f6 28. Ke3 e5 29. Nf2 Nb7 30. Nd3 Kd6 31.
Nc3 Bd7 32. Bf7 Nf4 33. Nxf4 gxf4+ 34. Kd2 Kc5 35. Nd5 Nd6 36. Bg6 Be6 37. Nxf6 Nc4+ 38. Kc3 Ne3 39. Bh5 Nxg2 40. Ng4 Bxg4 41. Bxg4 Ne3 42. Be6 Nd1+ 43. Kc2 Ne3+ 44. Kc3 Nf1 45. Bf5 Nh2 46. Bg4 Nf1 47. Be6 Ng3 48. Bg4 Ne2+ 49. Kc2 Nd4+ 50. Kc3 Nc6 51. Bd7 Nb8 52. Be8 Na6 53.
Bd7 Nc7 54. Bf5 Ne8 55. Be6 Nf6 56. Bf5 Ng8 57. Be6 Ne7 58. Bg4 Nc6 59. Bd7 Nd4 60. Bg4 Kb6 61. Kd2 Ka5 62. Kc3 Ne2+ 63. Kd2 Nd4 64. Kc3 Nc6 65. Bd7 Nb8 66. Be8 Na6 67. Bd7 Nc5 68. Bg4 Nb7 69. Bd7 Nd6 70. Bg4 Nf7 71.
Bd7 Kb6 72. Kb4 Ng5 73. Bg4 Nf7 74. Bd7 Nd6 75. Kc3 Kc5 76. Be6 Nc4 77. Bxc4 bxc4 78. Kc2 Kd4 79. Kd2 Kc5 80. Kc3 Kb5 81. Kc2 Kb6 82. Kd2 Kc6 83. Kc2 Kc5 84. Kc3 Kb5 85. Kc2 Kc5 1/2-1/2

[Event "*** Titled Tuesday 3|2 Blitz"]
[Site "Chess.com"]
[Date "2016.09.06"]
[Round "6"]
[White "Generalas"]
[Black "Makalexa"]
[Result "0-1"]
[WhiteElo "2158"]
[BlackElo "2164"]
[TimeControl "180+2"]
[EndTime "12:17:37 PDT"]
[Termination "Makalexa won by resignation"]

1. Nf3 c5 2. c4 Nc6 3. b3 Nf6 4.
Bb2 e6 5. g3 Be7 6. Bg2 O-O 7.
O-O d5 8. d3 b6 9. Nc3 Bb7 10. Rc1 Rc8 11. Qc2 d4 12. Ne4 Nxe4 13.
dxe4 Nb4 14. Qb1 d3 15. exd3 Nxd3 16. Rcd1 Bxe4 17. Ne5 Nxe5 18. Bxe4 Qc7 19. Bxh7+ Kh8 20. Be4 Bf6 21. Bg2 Rcd8 22. Qe4 Kg8 23. Bc1 Ng6 24. h4 Bd4 25. h5 Ne7 26. Qg4 Nf5 27. h6 g6 28. Be4 Qxg3+ 29. Qxg3 Nxg3 30. Bg5 Nxe4 31. Bxd8 Rxd8 32. Kg2 Kh7 33. f3 Nc3 34. Rd2 e5 35.
Rc1 f5 36. Rxc3 Kxh6 37. Rc1 Kg5 38. Rh1 e4 39. Re2 e3 40. Rh7 a6 41. Rb7 Rd6 42.
Ra7 a5 43. Re7 Kf4 44. Re8 g5 45. Rf8 Be5 46. Re8 Rd2 47. Kf1 Kxf3 48. Rxe3+ Kxe3 49. Rxe5+ Kf4 50. Re6 Rxa2 51. Rxb6 Kf3 52. Ke1 g4 53. Rb5 g3 54. Rxc5 f4 55. Rg5 g2 56.
Kd1 Kf2 57. c5 Ke3 58. c6 g1=Q+ 59. Rxg1 Ra1+ 60. Kc2 Rxg1 61. Kc3 Rg6 0-1

[Event "*** Titled Tuesday 3|2 Blitz"]
[Site "Chess.com"]
[Date "2016.09.06"]
[Round "6"]
[White "Blitzstream"]
[Black "ChessWarrior7197"]
[Result "1-0"]
[WhiteElo "2549"]
[BlackElo "2480"]
[TimeControl "180+2"]
[EndTime "12:17:48 PDT"]
[Termination "Blitzstream won by checkmate"]

1. d4 Nf6 2. Bg5 Ne4 3. Bh4 d5 4.
f3 Nf6 5. c4 c6 6. Nc3 Nbd7 7.
e4 dxe4 8. fxe4 e5 9. dxe5 Nxe5 10. Qxd8+ Kxd8 11. O-O-O+ Ke8 12. Nf3 Nfd7 13. Nxe5 Be7 14.
Bxe7 Kxe7 15. Nxd7 Bxd7 16. Be2 Be6 17. Kc2 Kf6 18. Bf3 Ke5 19. b3 g5 20. h3 h5 21.
Na4 b6 22. Nb2 Kf4 23. e5 Rac8 24. Nd3+ Kg3 25. c5 g4 26. hxg4 hxg4 27. Rxh8 Rxh8 28. Bxc6 bxc5 29. Re1 c4 30. Re3+ Kh2 31. bxc4 Rc8 32.
Bb5 Bf5 33. Kc3 Kxg2 34. Ba6 Rd8 35. Bb7+ Kh2 36. Nf4 Rd1 37. Re2+ Kg3 38. Nh5+ Kh4 39.
Nf6 g3 40. Bg2 a5 41. c5 Rc1+ 42. Kd4 Rd1+ 43. Ke3 Kg5 44. Ne4+ Kg4 45. c6 Rc1 46. Nf6+ Kg5 47. Kd4 Kf4 48. Nd5+ Kg5 49. c7 Be6 50. Re3 Kg4 51. Rc3 Rd1+ 52. Kc5 Rd2 53. Ne3+ Kf4 54.
Bd5 Bc8 55. Bxf7 Re2 56. Bd5 Rxe3 57. Rxe3 Kxe3 58. Kd6 Kf4 59. e6 Bxe6 60. Kxe6 Ke3 61. c8=Q Kd4 62. Bg2 Ke3 63. Qc3+ Kf2 64. Qf3+ Kg1 65.
Bh3 a4 66. Qg2# 1-0

[Event "*** Titled Tuesday 3|2 Blitz"]
[Site "Chess.com"]
[Date "2016.09.06"]
[Round "6"]
[White "putinwarrior"]
[Black "Maitreia"]
[Result "1/2-1/2"]
[WhiteElo "2360"]
[BlackElo "2401"]
[TimeControl "180+2"]
[EndTime "12:17:51 PDT"]
[Termination "Game drawn by repetition"]

1. d4 Nf6 2. Bg5 Ne4 3. Bf4 c5 4. f3 Nf6 5. dxc5 Qa5+ 6. Qd2 Qxc5 7. e4 Nc6 8. Nc3 d6 9. O-O-O Be6 10. Nge2 g6 11.
Nd4 Nxd4 12. Qxd4 Qxd4 13. Rxd4 Bg7 14. Rb4 b6 15. Bb5+ Nd7 16. Nd5 Bxd5 17. exd5 Rd8 18. Re1 Kf8 19. Ra4 a5 20. b4 h5 21. Bxd7 Rxd7 22.
bxa5 Bc3 23. Bd2 Bxa5 24. Bxa5 bxa5 25. Rxa5 Kg7 26. Re3 Rc8 27. Kd2 Rdc7 28. c3 Kf6 29.
Ra4 g5 30. h4 gxh4 31. Rxh4 Rg8 32. Re2 Kg5 33. Rhe4 Ra8 34. a4 Kf6 35. Rf4+ Kg6 36.
Ree4 Rac8 37. Re3 Rb8 38. Kc2 Rcb7 39. g3 Rb2+ 40. Kd3 R8b7 41. Rh4 Ra2 42. g4 hxg4 43.
Rxg4+ Kf5 44. Ree4 Rbb2 45. Rxe7 Rd2+ 46. Kc4 Rxa4+ 47. Kb3 Rxg4 48. fxg4+ Kf6 49. Re4 Rxd5 50. Kc4 Ra5 51. Rd4 Ke5 52. Kb4 Rc5 53. Rd2 Rd5 54. Rf2 Ke6 55. c4 Rd4 56. g5 d5 57. Rf6+ Ke7 58. Kc5 Rxc4+ 59. Kxd5 Rg4 60. Rf5 Ra4 61. Re5+ Kf8 62. Rf5 Kg7 63. Ke5 Rb4 64. Kd5 Kg6 65. Rf6+ Kg7 66. Rf5 Ra4 67. Ke5 Rb4 68. Kd5 1/2-1/2

[Event "*** Titled Tuesday 3|2 Blitz"]
[Site "Chess.com"]
[Date "2016.09.06"]
[Round "6"]
[White "cassoulet"]
[Black "Ksenia_Legenko"]
[Result "1-0"]
[WhiteElo "2306"]
[BlackElo "2006"]
[TimeControl "180+2"]
[EndTime "12:17:53 PDT"]
[Termination "cassoulet won by resignation"]

1. e4 c6 2. Nc3 d5 3. d4 dxe4 4.
Nxe4 Bf5 5. Ng3 Bg6 6. Nf3 Nd7 7.
h4 h6 8. h5 Bh7 9. Bd3 Bxd3 10.
Qxd3 e6 11. Bf4 Qa5+ 12. Bd2 Qc7 13. O-O-O Ngf6 14. Ne4 O-O-O 15. g3 Nxe4 16. Qxe4 Nf6 17. Qe2 Bd6 18. c4 c5 19. Bc3 cxd4 20. Nxd4 a6 21. Rd2 Rd7 22. Rhd1 Rhd8 23. Kb1 Bc5 24. b3 Qb6 25. Nc2 Rxd2 26. Rxd2 Rxd2 27. Qxd2 Nxh5 28. g4 Nf6 29. Bxf6 gxf6 30. Qxh6 Qd6 31. Qxf6 Qd7 32. g5 Kb8 33. Qe5+ Bd6 34. Qh8+ Kc7 35. Qd4 Be7 36. f4 Qc6 37. Kb2 Qf3 38. c5 Qc6 39. b4 Qf3 40. a3 Qe2 41. Qg7 Qh5 42. Qe5+ Kc8 43. Kb3 Qf3+ 44. Qe3 Qd5+ 45. Kb2 e5 46. fxe5 Qg2 47. Qf4 Qd5 48. Kc3 Kd7 49. Qf5+ Kc7 50. Qf4 Kd7 51.
Nd4 Qa2 52. Qf5+ Kc7 53. Nc2 Qd5 54. Kb2 Bd8 55. Qf4 Kd7 56. Kc3 Bc7 57. Qf5+ Ke7 58. Qf6+ Kd7 59. e6+ Qxe6 60. Qxe6+ Kxe6 61. Nd4+ Ke5 62. Kd3 Kf4 63. g6 fxg6 64. Ne6+ Kf3 65. Nxc7 g5 66.
Nd5 g4 67. Ne3 g3 68. a4 Kf4 69. Kd4 Kf3 70. b5 axb5 71. axb5 1-0

[Event "*** Titled Tuesday 3|2 Blitz"]
[Site "Chess.com"]
[Date "2016.09.06"]
[Round "6"]
[White "Gabrielian_Artur"]
[Black "Iball95"]
[Result "1/2-1/2"]
[WhiteElo "2509"]
[BlackElo "2519"]
[TimeControl "180+2"]
[EndTime "12:18:26 PDT"]
[Termination "Game drawn by repetition"]

1. Nf3 Nf6 2. g3 g6 3. Bg2 Bg7 4. O-O O-O 5. d4 d6 6. a4 c5 7. dxc5 dxc5 8. Nc3 Nc6 9. Be3 Qb6 10. a5 Nxa5 11. Na4 Qb5 12. Bxc5 Nc6 13. b3 Rd8 14. c4 Rxd1 15. cxb5 Rxa1 16. Rxa1 Na5 17. Rd1 Be6 18. b4 Bb3 19. Rb1 Bxa4 20. bxa5 Nd5 21. Bd4 Nc3 22. Bxc3 Bxc3 23. a6 bxa6 24. bxa6 Rd8 25. h4 Rd1+ 26. Rxd1 Bxd1 27. Bf1 f6 28. Kg2 e5 29. e4 Kf7 30.
Bc4+ Ke7 31. h5 Bc2 32. Bd5 gxh5 33. Nh4 Bd3 34. Nf5+ Kd7 35. Bb7 Kc7 36. Ng7 h4 37.
Ne8+ Kb6 38. Nxf6 hxg3 39. Nd5+ Ka5 40. Nxc3 gxf2 41. Kxf2 Bxa6 42. Bd5 Kb4 43. Na2+ Kc5 44. Ke3 Bc4 45. Nc3 a5 46. Na4+ Kb4 47. Nb6 Bb3 48.
Bxb3 Kxb3 49. Nd7 a4 50. Nxe5 a3 51. Nd3 Kc3 52. Nc1 Kc2 53. Na2 Kb2 54. Kd2 h5 55. e5 h4 56. e6 h3 57. e7 h2 58. e8=Q h1=Q 59. Qe5+ Kxa2 60. Qe6+ Kb2 61. Qe5+ Kb3 62.
Qe6+ Kb4 63. Qd6+ Kb3 64. Qe6+ Kb4 65. Qd6+ Ka4 66. Qa6+ Kb4 67. Qd6+ Kb3 68. Qe6+ Kb4 69. Qd6+ Kc4 70. Qxa3 Qg2+ 71. Kc1 Qf1+ 72. Kd2 Qf2+ 73.
Kd1 Qf1+ 74. Kd2 Qf2+ 75. Kd1 Qf1+ 76. Kd2 Qf2+ 77. Kd1 Qf1+ 78. Kd2 Qf2+ 79. Kd1 1/2-1/2

[Event "*** Titled Tuesday 3|2 Blitz"]
[Site "Chess.com"]
[Date "2016.09.06"]
[Round "6"]
[White "SavelijTartakover"]
[Black "andretta"]
[Result "1/2-1/2"]
[WhiteElo "2473"]
[BlackElo "2274"]
[TimeControl "180+2"]
[EndTime "12:18:40 PDT"]
[Termination "Game drawn - insufficient material"]

1. d4 d5 2. c4 dxc4 3. Nf3 Nf6 4. e3 Bg4 5. Bxc4 e6 6. O-O Nbd7 7. h3 Bh5 8. Nc3 Bb4 9. Be2 c5 10. a3 Bxc3 11. bxc3 O-O 12. Bb2 Re8 13. a4 Qc7 14. c4 cxd4 15. exd4 Rad8 16. Qb3 e5 17. dxe5 Nxe5 18. Bxe5 Rxe5 19. Nxe5 Bxe2 20. Rfe1 Qxe5 21. Qc2 Bd3 22. Qd2 Qd4 23. Rad1 Ne4 24. Qf4 f5 25. Qxf5 Rf8 26. Qd5+ Qxd5 27. cxd5 Nc5 28. d6 b6 29.
a5 Bf5 30. axb6 axb6 31. Re7 Rf7 32. Rc7 g6 33. Re1 Bd7 34. Rb1 Ne6 35. Ra7 b5 36.
g3 Kg7 37. f4 Kf6 38. Kf2 Nc5 39. Rc7 Ne4+ 40. Kg2 Nxd6 41. Rd1 Ke7 42. Re1+ Kd8 43. Rc5 Re7 44. Rd1 Nb7 45. Rxb5 Kc7 46. Rb2 Bc6+ 47. Kf2 Nd6 48. Kg1 Re3 49. Kh2 Ne4 50. Rg2 Nc3 51. Rc1 Bxg2 52. Kxg2 Kd6 53. Ra1 Re7 54. Ra6+ Kd7 55. Kf3 Ke8 56. h4 Kf7 57. h5 Nd5 58. hxg6+ hxg6 59. Kg4 Nf6+ 60. Kg5 Ne4+ 61. Kh6 Nxg3 62.
Rxg6 Nf5+ 63. Kg5 Ne3 64. f5 Re5 65. Rf6+ Ke7 66. Re6+ Rxe6 67. fxe6 Kxe6 1/2-1/2

[Event "*** Titled Tuesday 3|2 Blitz"]
[Site "Chess.com"]
[Date "2016.09.06"]
[Round "7"]
[White "viktorskliarov"]
[Black "FairChess_on_YouTube"]
[Result "0-1"]
[WhiteElo "2453"]
[BlackElo "2698"]
[TimeControl "180+2"]
[EndTime "12:21:55 PDT"]
[Termination "FairChess_on_YouTube won by resignation"]

1. e4 c5 2. Nf3 d6 3. d4 cxd4 4.
Qxd4 Bd7 5. c4 Nf6 6. Nc3 g6 7. b3 Bg7 8. Qd2 Nxe4 9. Nxe4 Bxa1 10. Bb2 Bxb2 11. Qxb2 O-O 12. h4 Nc6 13. h5 Qa5+ 14.
Kd1 Bg4 15. hxg6 fxg6 16. c5 Rxf3 17. gxf3 Bxf3+ 18. Be2 Bxe4 19. Bc4+ d5 0-1